 Dungeon Crawl Stone Soup version 0.18-a0-1202-g796ae12 (webtiles) character file.

231 Ghalim the Cudgeler (level 6, -10/40 HPs)
             Began as a Gargoyle Fighter on Jan 30, 2016.
             Mangled by an ogre
             ... wielding a +0 giant club
              (16 damage)
             ... on level 4 of the Dungeon.
             The game lasted 00:11:27 (4036 turns).

Ghalim the Cudgeler (Gargoyle Fighter)              Turns: 4036, Time: 00:11:27

Health: -10/40     AC: 13    Str: 27    XL:     6   Next: 4%
Magic:  6/6        EV:  7    Int:  8    God:
Gold:   159        SH:  9    Dex:  9    Spells: 0 memorised, 5 levels left

rFire  . . .     SeeInvis .     a - +0 flail
rCold  . . .     Gourm    .     b - +0 scale mail
rNeg   + . .     Faith    .     c - +0 shield
rPois  ∞         Spirit   .     i - +2 hat
rElec  +         Dismiss  .     (no cloak)
rCorr  .         Reflect  .     (no gloves)
SustAt .         Harm     .     (no boots)
MR     .....                    (no amulet)
Stlth  ..........               (no ring)
                                (no ring)

@: mighty, not resistant to hostile enchantments, extremely unstealthy
A: negative energy resistance 1, electricity resistance, unbreathing,
petrification resistance, rot immunity, AC +4
a: no special abilities


You were on level 4 of the Dungeon.
You were near starving.

You visited 1 branch of the dungeon, and saw 4 of its levels.

You collected 159 gold pieces.

Inventory:

Hand Weapons
 a - a +0 flail (weapon)
Armour
 b - a +0 scale mail (worn)
 c - a +0 shield (worn)
 i - a +2 hat (worn)
Jewellery
 s - an uncursed ring of poison resistance {unknown}
Scrolls
 g - 2 scrolls of enchant armour
 j - 5 scrolls of remove curse
 l - 2 scrolls of identify {unknown}
 o - 3 scrolls of teleportation {unknown}
 p - a scroll of amnesia {unknown}
 q - 2 scrolls of recharging {unknown}
Potions
 e - 3 potions of magic {unknown}
 h - a potion of haste {unknown}
 m - 3 potions of mutation {unknown}
 n - 3 potions of curing {unknown}
 r - a potion of flight {unknown}
 t - a potion of heal wounds {unknown}
 u - a potion of resistance {unknown}
Comestibles
 f - 2 bread rations
 k - 2 meat rations


   Skills:
 + Level 5.0 Fighting
 * Level 5.0 Maces & Flails
 - Level 3.2 Armour
 - Level 3.2 Shields


You had 5 spell levels left.
You didn't know any spells.

Dungeon Overview and Level Annotations

Branches:
Dungeon (4/15)
 Temple: D:4-7

Altars:
Dithmenos
Nemelex Xobeh
Pakellas
Sif Muna
The Shining One


Innate Abilities, Weirdness & Mutations

You are resistant to torment.
Your stone body is resilient (AC +4).
You are immune to poison.
You resist negative energy.
You are resistant to electric shocks.
You can survive without breathing.
You are immune to petrification.
You are immune to rotting.


Message History

You kill the orc!
The ogre hits you with a giant club!!
Ouch! That really hurt!
There is an open door here.
You see here 8 sling bullets.
You open the door.
There is an open door here.
You see here 8 bolts.
You see here 8 bolts.
You see here 8 bolts.
You see here 8 bolts.
You see here 8 bolts.
The ogre hits you with a giant club!
* * * LOW HITPOINT WARNING * * *
Drink which item? (? for menu, Esc to quit)
You feel very mighty all of a sudden.
You sock the ogre!
The ogre is heavily wounded.
The ogre hits you with a giant club!
You die...

####### ######## #.....#
.......# #.###.# ....##.######
#.# #.# .....#.##...######.###.#
....................##.#########
.....#.##...###.##..##.........#
....##.#######..@#(.##.#######.#
.......### #...>O..##.# #.#
##.......# ##...#.....##### #.#
#######.# ##.###........# #.#
#.# #.# ####.###.# #.# #.# #.#
#.###.###.# ######.# ##'##
#.........## #......# ##.(.##
#####......# #.####.# ##.....##
##....#.#


You could see an ogre.

Vanquished Creatures
  An orc priest (D:3)
  2 worker ants (D:4)
  5 adders
  An ooze (D:4)
  2 worms (D:2)
  2 giant geckos (D:3)
  6 orcs
  9 bats
  4 giant cockroaches
  8 goblins
  10 hobgoblins
  13 jackals
  14 kobolds
  2 quokkas
  2 ball pythons
  5 giant newts
  4 rats (D:2)
90 creatures vanquished.

Notes
Turn   | Place    | Note
--------------------------------------------------------------
     0 | D:1      | Ghalim the Gargoyle Fighter began the quest for the Orb.
     0 | D:1      | Reached XP level 1. HP: 14/14 MP: 1/1
     6 | D:1      | Noticed a minotaur skeleton
     7 | D:1      | Noticed a minotaur skeleton
    65 | D:1      | Reached XP level 2. HP: 19/19 MP: 2/2
   358 | D:1      | Reached XP level 3. HP: 21/24 MP: 3/3
   743 | D:2      | Found a shadowy altar of Dithmenos.
  1270 | D:2      | Reached skill level 4 in Fighting
  1360 | D:2      | Reached XP level 4. HP: 29/29 MP: 4/4
  1920 | D:3      | Found a faded altar to an unknown god.
  2458 | D:3      | Reached XP level 5. HP: 34/34 MP: 5/5
  3096 | D:4      | Noticed an ogre
  3272 | D:4      | Noticed an ogre
  3435 | D:4      | Found a deep blue altar of Sif Muna.
  3436 | D:4      | Found a sparkling altar of Nemelex Xobeh.
  3589 | D:4      | Found a glowing golden altar of the Shining One.
  3777 | D:4      | Found an oddly glowing altar of Pakellas.
  3892 | D:4      | Reached skill level 5 in Fighting
  3892 | D:4      | Reached skill level 5 in Maces & Flails
  3892 | D:4      | Reached XP level 6. HP: 38/40 MP: 6/6
  4036 | D:4      | Mangled by an ogre

Vault maps used:
D:1:      shiori_arrival_whats_in_store_for_you
D:2:      nicolae_dithmenos_shadow_blocks, kennysheep_generic_room_14
D:3:      ecumenical_altar_2, first_bread, hangedman_decor_points
D:4:      kennysheep_little_box, nicolae_tso_swordbearing_angel,
          nicolae_overflow_hidden_temple

Action                   |  1- 3 |  4- 6 || total
-------------------------+-------+-------++-------
Melee: Flail             |   220 |   197 ||   417
  Use: Scroll            |       |     2 ||     2
       Potion            |       |     1 ||     1
  Eat: Chunk             |     2 |     7 ||     9
